ITL
TRENTON STARS @ INDIANA HOUNDS
09/19/2027
 
TOP OF THE 1ST
Trenton Stars batting - Pitching for Indiana Hounds : RHP Leonard Akers
Pitching: RHP Leonard Akers
Batting: RHB Randy Simons 0-0: Called Strike
0-1: Ball
1-1: Foul Ball, location: 2F
1-2: Foul Ball, location: 2F
1-2: Foul Ball, location: 2F
1-2: Ball
2-2: Ball
3-2: Fly out, F7 (Flyball, 78D)
Batting: RHB Rafael Canales 0-0: Ball
1-0: Called Strike
1-1: Swinging Strike
1-2: Ground out 5-3 (Groundball, 56)
Batting: LHB Marvin Morris 0-0: Swinging Strike
0-1: Foul Ball, location: 2F
0-2: Foul Ball, location: 2F
0-2: Ball
1-2: Ball
2-2: Ball
3-2: Base on Balls
Batting: RHB Clancy Booker 0-0: Ball
1-0: Foul Ball, location: 2F
1-1: Ball
2-1: Called Strike
2-2: Strikes out swinging
Top of the 1st over - 0 run(s), 0 hit(s), 0 error(s), 1 left on base; Trenton 0 - Indiana 0
BOTTOM OF THE 1ST
Indiana Hounds batting - Pitching for Trenton Stars : RHP José Crus
Pitching: RHP José Crus
Batting: LHB David Cháves 0-0: Called Strike
0-1: Foul Ball, location: 2F
0-2: Ball
1-2: Ground out 3-1 (Groundball, 34S)
Batting: RHB Juan Brito 0-0: Called Strike
0-1: Ball
1-1: Swinging Strike
1-2: Foul Ball, location: 2F
1-2: Foul Ball, location: 2F
1-2: Strikes out swinging
Batting: RHB Rafael Herrera 0-0: Foul Ball, location: 2F
0-1: Ball
1-1: Ground out 5-3 (Groundball, 56)
Bottom of the 1st over - 0 run(s), 0 hit(s), 0 error(s), 0 left on base; Trenton 0 - Indiana 0
TOP OF THE 2ND
Trenton Stars batting - Pitching for Indiana Hounds : RHP Leonard Akers
Batting: RHB Gabriel Villegas 0-0: DOUBLE (Line Drive, 78D)
Batting: RHB Chris Cole 0-0: Ball
1-0: Called Strike
1-1: Foul Ball, location: 2F
1-2: Foul Ball, location: 2F
1-2: Foul Ball, location: 2F
1-2: Foul Ball, location: 2F
1-2: Ball
2-2: Foul Ball, location: 2F
2-2: DOUBLE (Line Drive, 89M)
Gabriel Villegas scores
Batting: LHB Alonzo Medine 0-0: Called Strike
0-1: Called Strike
0-2: Ball
1-2: Strikes out swinging
Batting: RHB Ángel Garza 0-0: Ball
1-0: Ball
2-0: Foul Ball, location: 2F
2-1: SINGLE (Line Drive, 6M)
Chris Cole to third
Batting: LHB Ju-wei Shiu 0-0: Called Strike
0-1: Called Strike
0-2: SINGLE (Flyball, 7LM)
Chris Cole scores
Ángel Garza to second
Batting: RHB Randy Simons 0-0: Swinging Strike
0-1: Reached via error on a dropped throw, E4
Ángel Garza to third
Ju-wei Shiu to second
Batting: RHB Rafael Canales 0-0: Called Strike
0-1: Foul Ball, location: 2F
0-2: Foul Ball, location: 2F
0-2: Strikes out looking
Batting: LHB Marvin Morris 0-0: Ball
1-0: Foul Ball, location: 2F
1-1: Ball
2-1: Fly out, F9 (Flyball, 9LD)
Top of the 2nd over - 2 run(s), 4 hit(s), 1 error(s), 3 left on base; Trenton 2 - Indiana 0
BOTTOM OF THE 2ND
Indiana Hounds batting - Pitching for Trenton Stars : RHP José Crus
Batting: RHB Norberto Gonzáles 0-0: Called Strike
0-1: Swinging Strike
0-2: Strikes out swinging
Batting: LHB Dave Helásquez 0-0: SINGLE (Groundball, 4MD)
Batting: RHB Domingo Romero 0-0: Called Strike
0-1: Ball
1-1: Ball
2-1: Ball
3-1: Base on Balls
Dave Helásquez to second
Batting: LHB Denny Poole 0-0: Called Strike
0-1: Called Strike
0-2: SINGLE (Groundball, 23) (infield hit)
Dave Helásquez to third
Domingo Romero to second
Batting: LHB Dave Watson 0-0: Ball
1-0: Foul Ball, location: 2F
1-1: SINGLE (Line Drive, 4D)
Dave Helásquez scores
Domingo Romero to third
Denny Poole to second
Runner from 3rd tries for Home, SAFE, throw made home
Batting: RHB Doug Murray 0-0: Called Strike
0-1: Foul Ball, location: 2F
0-2: Strikes out swinging
Batting: LHB David Cháves 0-0: Called Strike
0-1: Ground out U3 (Groundball, 34)
Bottom of the 2nd over - 2 run(s), 3 hit(s), 0 error(s), 2 left on base; Trenton 2 - Indiana 2
TOP OF THE 3RD
Trenton Stars batting - Pitching for Indiana Hounds : RHP Leonard Akers
Batting: RHB Clancy Booker 0-0: Called Strike
0-1: Ball
1-1: Foul Ball, location: 2F
1-2: Foul Ball, location: 2F
1-2: Ball
2-2: Foul Ball, location: 2F
2-2: Ball
3-2: Foul Ball, location: 2F
3-2: Foul Ball, location: 2F
3-2: Base on Balls
Pitching: RHP Teddy Mathews
Batting: RHB Gabriel Villegas 0-0: Called Strike
0-1: Foul Ball, location: 2F
0-2: Strikes out looking
Clancy Booker is caught stealing 2nd base
Batter strikes out.
Batting: RHB Chris Cole 0-0: Foul Ball, location: 2F
0-1: Ball
1-1: Ball
2-1: DOUBLE (Line Drive, 7)
Batting: LHB Alonzo Medine 0-0: Ball
1-0: Ball
2-0: Ball
3-0: Base on Balls
Batting: RHB Ángel Garza 0-0: SINGLE (Line Drive, 6M)
Chris Cole to third
Alonzo Medine to second
Runner from 3rd tries for Home, SAFE, no throw
Batting: LHB Ju-wei Shiu 0-0: Reached on error, E6 (Groundball, 6)
Alonzo Medine to third
Ángel Garza to second
Batting: RHB Randy Simons 0-0: Fly out, F7 (Flyball, 7D)
Top of the 3rd over - 1 run(s), 2 hit(s), 1 error(s), 3 left on base; Trenton 3 - Indiana 2
BOTTOM OF THE 3RD
Indiana Hounds batting - Pitching for Trenton Stars : RHP José Crus
Batting: RHB Juan Brito 0-0: Ball
1-0: Called Strike
1-1: Ball
2-1: SINGLE (Groundball, 34D)
Batting: RHB Rafael Herrera 0-0: Called Strike
0-1: Called Strike
0-2: Ball
1-2: Strikes out swinging
Batting: RHB Norberto Gonzáles 0-0: Ball
1-0: Ball
2-0: Ball
3-0: Base on Balls
Juan Brito to second
Batting: LHB Dave Helásquez 0-0: Ball
1-0: Called Strike
1-1: Fly out, F9 (Line Drive, 9D)
Runner from 2nd tags up, SAFE at 3rd, no throw
Batting: RHB Domingo Romero 0-0: Ball
1-0: Foul Ball, location: 2F
1-1: Foul Ball, location: 2F
1-2: Strikes out looking
Bottom of the 3rd over - 0 run(s), 1 hit(s), 0 error(s), 2 left on base; Trenton 3 - Indiana 2
TOP OF THE 4TH
Trenton Stars batting - Pitching for Indiana Hounds : RHP Teddy Mathews
Batting: RHB Rafael Canales 0-0: Swinging Strike
0-1: Called Strike
0-2: Ball
1-2: Fly out, F8 (Flyball, 78M)
Batting: LHB Marvin Morris 0-0: Foul Ball, location: 2F
0-1: Swinging Strike
0-2: SOLO HOME RUN (Flyball, 8RXD), Distance : 394 ft
Batting: RHB Clancy Booker 0-0: Ball
1-0: SINGLE (Line Drive, 34)
Batting: RHB Gabriel Villegas 0-0: Swinging Strike
0-1: Swinging Strike
0-2: Ball
1-2: Strikes out swinging
Batting: RHB Chris Cole 0-0: Called Strike
0-1: Ball
1-1: SINGLE (Line Drive, 7S)
Clancy Booker to second
Batting: LHB Alonzo Medine 0-0: Ball
1-0: Called Strike
1-1: Ball
2-1: Called Strike
2-2: SINGLE (Groundball, 4MD)
Clancy Booker to third
Chris Cole to second
Runner from 3rd tries for Home, SAFE, throw made at trailing runner, OUT at third!
Top of the 4th over - 2 run(s), 4 hit(s), 0 error(s), 1 left on base; Trenton 5 - Indiana 2
BOTTOM OF THE 4TH
Indiana Hounds batting - Pitching for Trenton Stars : RHP José Crus
Batting: LHB Denny Poole 0-0: Ball
1-0: Foul Ball, location: 2F
1-1: Foul Ball, location: 2F
1-2: DOUBLE (Line Drive, 7LM)
Batting: LHB Dave Watson 0-0: Called Strike
0-1: Foul Ball, location: 2F
0-2: Fly out, F9 (Flyball, 9LSF)
Batting: RHB Doug Murray 0-0: Fly out, F8 (Line Drive, 8LM)
Batting: LHB David Cháves 0-0: Foul Ball, location: 2F
0-1: Ball
1-1: SINGLE (Groundball, 6D)
Denny Poole to third
Runner from 3rd tries for Home, SAFE, throw made home
David Cháves to second
Batting: RHB Juan Brito 0-0: Ball
1-0: Ball
2-0: Swinging Strike
2-1: Foul Ball, location: 2F
2-2: SINGLE (Line Drive, 8LS)
David Cháves to third
Runner from 3rd tries for Home, SAFE, no throw
Batting: RHB Rafael Herrera 0-0: Called Strike
0-1: Foul Ball, location: 2F
0-2: SINGLE (Groundball, 6M) (infield hit)
Juan Brito to second
Batting: RHB Norberto Gonzáles 0-0: Ball
1-0: Called Strike
1-1: Called Strike
1-2: Ball
2-2: Foul Ball, location: 2F
2-2: Foul Ball, location: 2F
2-2: Ball
3-2: Foul Ball, location: 2F
3-2: Strikes out swinging
Bottom of the 4th over - 2 run(s), 4 hit(s), 0 error(s), 2 left on base; Trenton 5 - Indiana 4
TOP OF THE 5TH
Trenton Stars batting - Pitching for Indiana Hounds : RHP Teddy Mathews
Pitching: RHP Ronald Moore
Batting: RHB Ángel Garza 0-0: Ball
1-0: Ball
2-0: Ball
3-0: Ground out 4-3 (Groundball, 4)
Batting: LHB Ju-wei Shiu 0-0: Ball
1-0: Called Strike
1-1: Ball
2-1: Ball
3-1: Base on Balls
Batting: RHB Randy Simons 0-0: Called Strike
0-1: Ball
1-1: Ball
2-1: SINGLE (Line Drive, 7S)
Ju-wei Shiu to second
Batting: RHB Rafael Canales 0-0: Ball
1-0: Ball
2-0: Called Strike
2-1: Foul Ball, location: 2F
2-2: Ball
3-2: Strikes out swinging
Batting: LHB Marvin Morris 0-0: Called Strike
0-1: Ground out 4-3 (Groundball, 4)
Top of the 5th over - 0 run(s), 1 hit(s), 0 error(s), 2 left on base; Trenton 5 - Indiana 4
BOTTOM OF THE 5TH
Indiana Hounds batting - Pitching for Trenton Stars : RHP José Crus
Batting: LHB Dave Helásquez 0-0: Called Strike
0-1: Called Strike
0-2: Foul Ball, location: 2F
0-2: Ground out U3 (Groundball, 34)
Batting: RHB Domingo Romero 0-0: Called Strike
0-1: Ball
1-1: Ground out 6-3 (Groundball, 6)
Batting: LHB Denny Poole 0-0: Ball
1-0: Ball
2-0: Ball
3-0: Base on Balls
Batting: LHB Dave Watson 0-0: Ball
1-0: Fly out, F8 (Flyball, 8LD)
Bottom of the 5th over - 0 run(s), 0 hit(s), 0 error(s), 1 left on base; Trenton 5 - Indiana 4
TOP OF THE 6TH
Trenton Stars batting - Pitching for Indiana Hounds : RHP Ronald Moore
Batting: RHB Clancy Booker 0-0: Called Strike
0-1: Called Strike
0-2: Ball
1-2: Strikes out looking
Batting: RHB Gabriel Villegas 0-0: Ball
1-0: Called Strike
1-1: Ball
2-1: Foul Ball, location: 2F
2-2: Foul Ball, location: 2F
2-2: Ball
3-2: Base on Balls
Pitching: RHP Enrique Gómez
Batting: RHB Chris Cole 0-0: Fly out, F9 (Flyball, 89M)
Batting: LHB Alonzo Medine 0-0: Ball
1-0: Ball
2-0: Ball
3-0: Called Strike
3-1: Swinging Strike
3-2: Strikes out swinging
Top of the 6th over - 0 run(s), 0 hit(s), 0 error(s), 1 left on base; Trenton 5 - Indiana 4
BOTTOM OF THE 6TH
Indiana Hounds batting - Pitching for Trenton Stars : RHP José Crus
Batting: RHB Doug Murray 0-0: Called Strike
0-1: Foul Ball, location: 2F
0-2: Strikes out looking
Batting: LHB David Cháves 0-0: Ball
1-0: Ball
2-0: Called Strike
2-1: Fly out, F5 (Popup, 56)
Batting: RHB Juan Brito 0-0: Ball
1-0: Ball
2-0: Called Strike
2-1: Swinging Strike
2-2: Strikes out swinging
Bottom of the 6th over - 0 run(s), 0 hit(s), 0 error(s), 0 left on base; Trenton 5 - Indiana 4
TOP OF THE 7TH
Trenton Stars batting - Pitching for Indiana Hounds : RHP Enrique Gómez
Batting: RHB Ángel Garza 0-0: Ball
1-0: Foul Ball, location: 2F
1-1: Fly out, F9 (Flyball, 9D)
Batting: LHB Ju-wei Shiu 0-0: Called Strike
0-1: Called Strike
0-2: Foul Ball, location: 2F
0-2: Ball
1-2: Strikes out swinging
Batting: RHB Randy Simons 0-0: Swinging Strike
0-1: Called Strike
0-2: Ball
1-2: Ball
2-2: Strikes out looking
Top of the 7th over - 0 run(s), 0 hit(s), 0 error(s), 0 left on base; Trenton 5 - Indiana 4
BOTTOM OF THE 7TH
Indiana Hounds batting - Pitching for Trenton Stars : RHP José Crus
Pitching: RHP Gilberto Martínez
Batting: RHB Rafael Herrera 0-0: Swinging Strike
0-1: Ball
1-1: Fly out, F7 (Flyball, 78D)
Batting: RHB Norberto Gonzáles 0-0: Ball
1-0: Called Strike
1-1: Fly out, F9 (Flyball, 89S)
Batting: LHB Dave Helásquez 0-0: Called Strike
0-1: Fly out, F9 (Flyball, 9LSF)
Bottom of the 7th over - 0 run(s), 0 hit(s), 0 error(s), 0 left on base; Trenton 5 - Indiana 4
TOP OF THE 8TH
Trenton Stars batting - Pitching for Indiana Hounds : RHP Enrique Gómez
Pitching: RHP Alex Stanford
Batting: RHB Rafael Canales 0-0: Foul Ball, location: 2F
0-1: Ball
1-1: Ball
2-1: SINGLE (Groundball, 6MS) (infield hit)
Batting: LHB Marvin Morris 0-0: Ball
Wild Pitch!
Rafael Canales to second
1-0: Intentional Walk
Pinch Hitting: LHB Lee Burton 0-0: Foul Ball, location: 2F
0-1: Foul Ball, location: 2F
0-2: Strikes out looking
Batting: RHB Gabriel Villegas 0-0: Called Strike
0-1: Called Strike
0-2: Strikes out swinging
Batting: RHB Chris Cole 0-0: Swinging Strike
0-1: Swinging Strike
0-2: Ball
1-2: Fielders Choice at 2nd, 5-4 (Groundball, 56)
Top of the 8th over - 0 run(s), 1 hit(s), 0 error(s), 1 left on base; Trenton 5 - Indiana 4
BOTTOM OF THE 8TH
Indiana Hounds batting - Pitching for Trenton Stars : RHP Gilberto Martínez
Pitching: RHP Bartolo Rodríguez
Now in LF: Lee Burton
Batting: RHB Domingo Romero 0-0: Called Strike
0-1: Foul Ball, location: 2F
0-2: Strikes out looking
Pitching: LHP Halewijn Tipping
Batting: LHB Denny Poole 0-0: Swinging Strike
0-1: Fly out, F7 (Line Drive, 7)
Batting: LHB Dave Watson 0-0: Called Strike
0-1: Swinging Strike
0-2: Strikes out swinging
Bottom of the 8th over - 0 run(s), 0 hit(s), 0 error(s), 0 left on base; Trenton 5 - Indiana 4
TOP OF THE 9TH
Trenton Stars batting - Pitching for Indiana Hounds : RHP Alex Stanford
Batting: LHB Alonzo Medine 0-0: Ball
1-0: Called Strike
1-1: Swinging Strike
1-2: Strikes out swinging
Batting: RHB Ángel Garza 0-0: Foul Ball, location: 2F
0-1: Swinging Strike
0-2: Foul Ball, location: 2F
0-2: SINGLE (Groundball, 6) (infield hit)
Batting: LHB Ju-wei Shiu 0-0: Ball
1-0: Ball
2-0: SINGLE (Line Drive, 6D)
Ángel Garza to second
Batting: RHB Randy Simons 0-0: Ball
1-0: Grounds into double play, 6-4-3 (Groundball, 6)
Top of the 9th over - 0 run(s), 2 hit(s), 0 error(s), 1 left on base; Trenton 5 - Indiana 4
BOTTOM OF THE 9TH
Indiana Hounds batting - Pitching for Trenton Stars : LHP Halewijn Tipping
Pitching: RHP Jonathan Booker
Now at 1B: Joe Fisher
Batting: RHB Doug Murray 0-0: Ball
1-0: Ball
2-0: Called Strike
2-1: Foul Ball, location: 2F
2-2: Strikes out swinging
Batting: LHB David Cháves 0-0: Called Strike
0-1: Called Strike
0-2: Ball
1-2: Ball
2-2: Ball
3-2: Fly out, F8 (Flyball, 8LD)
Pinch Hitting: SHB Charles Alexander 0-0: Ball
1-0: Ball
2-0: Ball
3-0: Called Strike
3-1: Swinging Strike
3-2: Foul Ball, location: 2F
3-2: Base on Balls
Batting: RHB Rafael Herrera 0-0: Ball
1-0: Ball
2-0: Ball
3-0: Swinging Strike
3-1: Fly out, F7 (Flyball, 7)
Bottom of the 9th over - 0 run(s), 0 hit(s), 0 error(s), 1 left on base; Trenton 5 - Indiana 4
Thursday, March 30th, 2017 - OOTP Baseball 17.12 Build 75